 Dungeon Crawl Stone Soup version 0.21.0-24-g2553a33 (webtiles) character file.

1613 tidbits the Grave Robber (level 8, -2/88 HPs)
             Began as a Gnoll Necromancer on Jan 20, 2018.
             Was a Believer of Cheibriados.
             Slain by a two-headed ogre
             ... wielding a +0 giant club
              (5 damage)
             ... on level 9 of the Dungeon.
             The game lasted 00:25:42 (2468 turns).

tidbits the Grave Robber (Gnoll Necromancer)        Turns: 2468, Time: 00:25:43

Health: -2/88      AC: 24    Str: 15    XL:     8   Next: 95%
Magic:  20/26      EV:  2    Int: 23    God:    Cheibriados [**....]
Gold:   329        SH:  0    Dex: 20    Spells: 5/19 levels left

rFire    . . .     SeeInvis .     - Unarmed
rCold    . . .     Gourm    .   (no shield)
rNeg     + + +     Faith    +   (armour currently unavailable)
rPois    +         Spirit   .   (helmet currently unavailable)
rElec    .         Reflect  .   (cloak currently unavailable)
rCorr    +         Harm     .   (gloves currently unavailable)
MR       .....     NoTele   +   (boots currently unavailable)
Stlth    +++.......             y - amulet of faith
HPRegen  0.24/turn              D - ring of magical power
MPRegen  0.20/turn              K - ring of resist corrosion

@: tree-form, very slightly contaminated, very slow
A: distributed training, strong nose
a: Bend Time, Renounce Religion


You were on level 9 of the Dungeon.
You worshipped Cheibriados.
Cheibriados was pleased with you.
You were full.
You were a tree.
You visited 2 branches of the dungeon, and saw 11 of its levels.

You collected 329 gold pieces.

Inventory:

Hand Weapons
 a - a +0 dagger
 f - a +0 flail of protection
   (You took it off Edmund on level 5 of the Dungeon)
 h - a +0 antimagic hand axe
   (You took it off Blork the orc on level 5 of the Dungeon)
 k - a +0 short sword
 m - a +0 war axe
 s - a +3 blowgun
 x - a +2 trident of piercing
   (You took it off a gnoll sergeant on level 6 of the Dungeon)
 J - a +2 morningstar of holy wrath
   (You found it on level 8 of the Dungeon)
Missiles
 o - 2 exploding tomahawks (quivered)
 v - 8 javelins
 E - 2 tomahawks
 H - 12 arrows
Armour
 B - a +0 robe (melded)
 C - a +1 cloak (melded)
 F - a +0 pair of boots (melded)
 G - a +0 pair of gloves (melded)
Jewellery
 d - an uncursed amulet of guardian spirit
   (You found it on level 1 of the Dungeon)
 j - an uncursed ring of flight
   (You found it on level 3 of the Dungeon)
 n - an uncursed ring of ice
   (You found it on level 2 of the Dungeon)
 y - an amulet of faith (around neck)
   (You found it on level 2 of the Dungeon)
 A - an uncursed amulet of magic regeneration {unknown}
   (You found it on level 9 of the Dungeon)
 D - a ring of magical power (left branch)
   (You found it on level 9 of the Dungeon)
 K - a ring of resist corrosion (right branch)
   (You found it on level 9 of the Dungeon)
Wands
 e - a wand of flame (21)
 l - a wand of polymorph (30)
Scrolls
 i - a scroll of blinking
 q - a scroll of fear
 r - 2 scrolls of fog
 t - a scroll of amnesia
 w - a scroll of enchant armour
 L - a scroll of teleportation
Potions
 g - a potion of curing
 u - a potion of heal wounds
 I - a potion of might {unknown}
Books
 b - a book of Necromancy

   Spells                             Type                      Level
   a - Pain                           Necromancy                   1
   b - Animate Skeleton               Necromancy                   1
   c - Vampiric Draining              Necromancy                   3
   d - Regeneration                   Charms/Necromancy            3
   e - Animate Dead                   Necromancy                   4
   f - Borgnjor's Vile Clutch         Necromancy/Earth             5
 p - a book of Cantrips
   (You found it on level 4 of the Dungeon)

   Spells                             Type                      Level
   a - Confusing Touch                Hexes                        1
   b - Animate Skeleton               Necromancy                   1
   c - Summon Small Mammal            Summoning                    1
   d - Apportation                    Translocation                1
Comestibles
 c - 7 rations


   Skills:
 + Level 3.6 Fighting
 + Level 3.6 Short Blades
 + Level 3.6 Long Blades
 + Level 3.6 Axes
 + Level 3.6 Maces & Flails
 + Level 3.6 Polearms
 + Level 3.6 Staves
 + Level 3.6 Slings
 + Level 3.6 Bows
 + Level 3.6 Crossbows
 + Level 3.6 Throwing
 + Level 3.6 Armour
 + Level 5.9 Dodging
 + Level 5.6 Stealth
 + Level 3.6 Shields
 + Level 3.6 Unarmed Combat
 + Level 6.2 Spellcasting
 + Level 3.0 Conjurations
 + Level 3.0 Hexes
 + Level 3.0 Charms
 + Level 3.0 Summonings
 + Level 7.8 Necromancy
 + Level 3.0 Translocations
 + Level 3.0 Transmutations
 + Level 3.0 Fire Magic
 + Level 3.0 Ice Magic
 + Level 3.0 Air Magic
 + Level 3.0 Earth Magic
 + Level 3.0 Poison Magic
 + Level 4.0 Invocations
 + Level 3.6 Evocations


You had 5 spell levels left.
You knew the following spells:

 Your Spells              Type           Power        Failure   Level  Hunger
a - Pain                  Necr           ####         1%          1    None
d - Vampiric Draining     Necr           #####.....   1%          3    #......
n - Animate Skeleton      Necr           N/A          1%          1    None
r - Regeneration          Chrm/Necr      ####......   2%          3    #......
v - Borgnjor's Vile Clut  Necr/Erth      ####......   24%         5    #####..
A - Apportation           Tloc           ###...       2%          1    None


Dungeon Overview and Level Annotations

Branches:
Dungeon (10/15)            Temple (1/1) D:5
   Lair: D:8-11         Orc: D:9-12

Altars:
Cheibriados
Fedhas
Makhleb
Nemelex Xobeh
Qazlal
Ru
Sif Muna
Vehumet
Xom

Shops:
D:4 (   D:6 %   D:9 =

Annotations:
D:3 Robin
D:4 tidbits's ghost, amateur GnNe
D:5 Dowan, Duvessa
D:6 Suckerboh's ghost, amateur DEFE
D:8 exclusions: death yak, ogre and worker ant


Innate Abilities, Weirdness & Mutations

Your experience applies equally to all skills.
((You have very sharp teeth.))
Your uncanny sense of smell can sniff out nearby items.


Message History

Aiming: Throw Flame
Press: ? - help, Shift-Dir - straight line, f/p - hippogriff
Aim: a hippogriff (severely wounded, slow)
The puff of flame hits the hippogriff.
The hippogriff is severely wounded.
The orc zaps a wand.
You struggle to resist.
Evoke which item? (* to show all) (? for menu, Esc to quit)
Aiming: Throw Flame
Press: ? - help, Shift-Dir - straight line, f/p - hippogriff
Aim: a hippogriff (severely wounded, slow)
The puff of flame hits the hippogriff.
The hippogriff is almost dead.
The orc zaps a wand.
You are blasted!
* * * LOW HITPOINT WARNING * * *
Press: ? - help, v - describe, . - travel
Here: an orc, wearing a dyed leather armour and carrying a wand of disintegration (12)
The floor.
Okay, then.
You feel much better.
Unknown command.
You turn into a tree.
Your +1 cloak melds into your body.
Your +0 pair of gloves melds into your body.
Your +0 pair of boots melds into your body.
Your +0 robe melds into your body.
Your roots penetrate the ground.
The orc warrior hits you with a short sword.
Wield which item (- for none, * to show all)? (? for menu, Esc to quit)
Your +2 morningstar of holy wrath stops glowing.
You are now empty-handed.
You barely miss the orc warrior. The flow of time bends around you.
Cheibriados rebukes the two-headed ogre.
The two-headed ogre seems to slow down.
You feel slightly less full.
You hit the two-headed ogre.
The two-headed ogre is lightly wounded.
You hit the two-headed ogre.
The two-headed ogre is lightly wounded.
The two-headed ogre hits you but does no damage. x2
The orc warrior hits you but does no damage.
You smack the two-headed ogre!
The two-headed ogre is moderately wounded.
You hit the two-headed ogre.
The two-headed ogre is moderately wounded.
The orc warrior hits you but does no damage.
The two-headed ogre hits you but does no damage.
The two-headed ogre completely misses you.
You smack the two-headed ogre!
The two-headed ogre is severely wounded.
The orc warrior completely misses you.
You fail to use your ability.
The orc warrior hits you but does no damage.
The hippogriff bites you but does no damage.
The hippogriff pecks you but does no damage.
The hippogriff claws you but does no damage.
The two-headed ogre hits you with a giant club!
* * * LOW HITPOINT WARNING * * *
The two-headed ogre hits you with a giant spiked club!
* * * LOW HITPOINT WARNING * * *
Unknown command.
The flow of time bends around you.
The hippogriff resists with some effort.
Cheibriados rebukes the orc warrior.
The orc warrior seems to slow down.
The two-headed ogre resists with some effort.
You feel slightly less full.
The hippogriff bites you but does no damage.
The hippogriff pecks you but does no damage.
The hippogriff claws you but does no damage.
Unknown command.
You completely miss the two-headed ogre.
The two-headed ogre is severely wounded.
The orc zaps a wand.
You struggle to resist.
The hippogriff bites you but does no damage.
The hippogriff pecks you but does no damage.
The hippogriff claws you.
* * * LOW HITPOINT WARNING * * *
The orc warrior hits you but does no damage.
Unknown command.
You smack the two-headed ogre!
The two-headed ogre is almost dead.
The two-headed ogre is no longer moving slowly.
The two-headed ogre hits you with a giant club!
* * * LOW HITPOINT WARNING * * *
The two-headed ogre hits you with a giant spiked club.
* * * LOW HITPOINT WARNING * * *
The hippogriff bites you but does no damage.
The hippogriff pecks you but does no damage.
The hippogriff claws you but does no damage.
Unknown command.
Evoke which item? (* to show all) (? for menu, Esc to quit)
Okay, then.
You hit the orc.
The orc is almost dead.
The orc zaps a wand.
You are blasted!
* * * LOW HITPOINT WARNING * * *
The orc warrior hits you with a short sword.
* * * LOW HITPOINT WARNING * * *
The two-headed ogre hits you with a giant club.
You die...

#.## #... #... #..#
#.(# #..########
#.Ho.......
#.o♣.......
#.O######## #..##
#..#############....
#...o..............
#.................#
#.................#
#.................#
#.................#
#.................##


You could see a two-headed ogre, a hippogriff, an orc warrior and an orc.

Vanquished Creatures
  Pikel (D:8)
  Edmund (D:5)
  2 ice beasts
  A sky beast (D:9)
  An ogre (D:7)
  A centaur (D:9)
  Blork the orc (D:5)
  A big kobold (D:9)
  A gnoll sergeant (D:6)
  A crimson imp (D:7)
  A hound (D:7)
  A centaur skeleton (D:3)
  An orc priest (D:3)
  2 orc wizards
  An iguana (D:8)
  5 worker ants
  A worker ant zombie (D:8)
  4 gnolls (D:6)
  3 adders (D:8)
  An ooze (D:5)
  4 worms
  3 leopard geckos
  11 orcs
  2 giant cockroaches
  4 hobgoblins
  2 quokkas
  A ball python (D:2)
  3 bats
  2 frilled lizards
  4 kobolds
  A leopard gecko skeleton (D:4)
  2 rats
70 creatures vanquished.

Notes
Turn   | Place    | Note
-------+----------+-------------------------------------------
     0 | D:1      | tidbits the Gnoll Necromancer began the quest for the Orb.
     0 | D:1      | Reached XP level 1. HP: 13/13 MP: 6/6
   203 | D:3      | Reached XP level 2. HP: 17/19 MP: 4/7
   291 | D:5      | Entered Level 5 of the Dungeon
   313 | D:5      | Noticed an ice beast
   319 | D:5      | Noticed Edmund
   354 | D:5      | Noticed Blork the orc
   360 | D:5      | Killed Blork the orc
   360 | D:5      | Reached skill level 1 in Fighting
   360 | D:5      | Reached skill level 1 in Short Blades
   360 | D:5      | Reached skill level 1 in Long Blades
   360 | D:5      | Reached skill level 1 in Axes
   360 | D:5      | Reached skill level 1 in Maces & Flails
   360 | D:5      | Reached skill level 1 in Polearms
   360 | D:5      | Reached skill level 1 in Staves
   360 | D:5      | Reached skill level 1 in Slings
   360 | D:5      | Reached skill level 1 in Bows
   360 | D:5      | Reached skill level 1 in Crossbows
   360 | D:5      | Reached skill level 1 in Throwing
   360 | D:5      | Reached skill level 1 in Armour
   360 | D:5      | Reached skill level 1 in Shields
   360 | D:5      | Reached skill level 1 in Unarmed Combat
   360 | D:5      | Reached skill level 5 in Spellcasting
   360 | D:5      | Reached skill level 1 in Invocations
   360 | D:5      | Reached skill level 1 in Evocations
   360 | D:5      | Reached XP level 3. HP: 26/26 MP: 4/9
   360 | D:5      | Reached XP level 4. HP: 32/32 MP: 4/11
   380 | D:5      | Killed Edmund
   380 | D:5      | Reached skill level 1 in Conjurations
   380 | D:5      | Reached skill level 1 in Hexes
   380 | D:5      | Reached skill level 1 in Charms
   380 | D:5      | Reached skill level 1 in Summonings
   380 | D:5      | Reached skill level 1 in Translocations
   380 | D:5      | Reached skill level 1 in Transmutations
   380 | D:5      | Reached skill level 1 in Fire Magic
   380 | D:5      | Reached skill level 1 in Ice Magic
   380 | D:5      | Reached skill level 1 in Air Magic
   380 | D:5      | Reached skill level 1 in Earth Magic
   380 | D:5      | Reached skill level 1 in Poison Magic
   380 | D:5      | Reached XP level 5. HP: 34/37 MP: 7/12
   456 | D:5      | Found a staircase to the Ecumenical Temple.
   466 | Temple   | Entered the Ecumenical Temple
   477 | Temple   | Became a worshipper of Cheibriados the Contemplative
   494 | D:5      | Learned a level 3 spell: Regeneration
   499 | D:5      | Learned a level 3 spell: Vampiric Draining
   505 | D:5      | Learned a level 5 spell: Borgnjor's Vile Clutch
   507 | D:5      | Learned a level 1 spell: Animate Skeleton
   512 | D:5      | Found a stormy altar of Qazlal.
   523 | D:5      | Noticed Duvessa
   523 | D:5      | Noticed Dowan
   611 | D:7      | Noticed an ogre
   678 | D:6      | Found Kisi's Food Boutique.
   685 | D:6      | Noticed Suckerboh's ghost (amateur DEFE)
   777 | D:7      | Reached skill level 2 in Invocations
   777 | D:7      | Reached XP level 6. HP: 35/44 MP: 9/13
   914 | D:8      | Reached skill level 5 in Dodging
   944 | D:8      | Noticed a death yak
  1056 | D:7      | Reached skill level 2 in Fighting
  1056 | D:7      | Reached skill level 2 in Short Blades
  1056 | D:7      | Reached skill level 2 in Long Blades
  1056 | D:7      | Reached skill level 2 in Axes
  1056 | D:7      | Reached skill level 2 in Maces & Flails
  1056 | D:7      | Reached skill level 2 in Polearms
  1056 | D:7      | Reached skill level 2 in Staves
  1056 | D:7      | Reached skill level 2 in Slings
  1056 | D:7      | Reached skill level 2 in Bows
  1056 | D:7      | Reached skill level 2 in Crossbows
  1056 | D:7      | Reached skill level 2 in Throwing
  1056 | D:7      | Reached skill level 2 in Armour
  1056 | D:7      | Reached skill level 2 in Shields
  1056 | D:7      | Reached skill level 2 in Unarmed Combat
  1056 | D:7      | Reached skill level 2 in Evocations
  1157 | D:4      | Found Xaets's Antique Weapon Shop.
  1193 | D:4      | Reached * piety under Cheibriados
  1199 | D:4      | Reached XP level 7. HP: 31/50 MP: 4/15
  1356 | D:4      | Noticed tidbits's ghost (amateur GnNe)
  1377 | D:4      | Learned a level 1 spell: Apportation
  1777 | D:3      | Noticed Robin
  1849 | D:6      | Reached skill level 2 in Conjurations
  1849 | D:6      | Reached skill level 2 in Hexes
  1849 | D:6      | Reached skill level 2 in Charms
  1849 | D:6      | Reached skill level 2 in Summonings
  1849 | D:6      | Reached skill level 2 in Translocations
  1849 | D:6      | Reached skill level 2 in Transmutations
  1849 | D:6      | Reached skill level 2 in Fire Magic
  1849 | D:6      | Reached skill level 2 in Ice Magic
  1849 | D:6      | Reached skill level 2 in Air Magic
  1849 | D:6      | Reached skill level 2 in Earth Magic
  1849 | D:6      | Reached skill level 2 in Poison Magic
  1907 | D:8      | Reached skill level 5 in Stealth
  1926 | D:8      | Noticed Pikel
  1937 | D:8      | Killed Pikel
  1937 | D:8      | Reached skill level 3 in Fighting
  1937 | D:8      | Reached skill level 3 in Short Blades
  1937 | D:8      | Reached skill level 3 in Long Blades
  1937 | D:8      | Reached skill level 3 in Axes
  1937 | D:8      | Reached skill level 3 in Maces & Flails
  1937 | D:8      | Reached skill level 3 in Polearms
  1937 | D:8      | Reached skill level 3 in Staves
  1937 | D:8      | Reached skill level 3 in Slings
  1937 | D:8      | Reached skill level 3 in Bows
  1937 | D:8      | Reached skill level 3 in Crossbows
  1937 | D:8      | Reached skill level 3 in Throwing
  1937 | D:8      | Reached skill level 3 in Armour
  1937 | D:8      | Reached skill level 3 in Shields
  1937 | D:8      | Reached skill level 3 in Unarmed Combat
  1937 | D:8      | Reached skill level 6 in Spellcasting
  1937 | D:8      | Reached skill level 3 in Invocations
  1937 | D:8      | Reached skill level 3 in Evocations
  1937 | D:8      | Reached XP level 8. HP: 44/58 MP: 6/17
  1966 | D:9      | Noticed an eight-headed hydra
  2059 | D:8      | Noticed an ice devil
  2094 | D:9      | Reached ** piety under Cheibriados
  2209 | D:9      | Reached skill level 3 in Conjurations
  2209 | D:9      | Reached skill level 3 in Hexes
  2209 | D:9      | Reached skill level 3 in Charms
  2209 | D:9      | Reached skill level 3 in Summonings
  2209 | D:9      | Reached skill level 3 in Translocations
  2209 | D:9      | Reached skill level 3 in Transmutations
  2209 | D:9      | Reached skill level 3 in Fire Magic
  2209 | D:9      | Reached skill level 3 in Ice Magic
  2209 | D:9      | Reached skill level 3 in Air Magic
  2209 | D:9      | Reached skill level 3 in Earth Magic
  2209 | D:9      | Reached skill level 3 in Poison Magic
  2209 | D:9      | Reached skill level 4 in Invocations
  2214 | D:10     | Entered Level 10 of the Dungeon
  2345 | D:9      | Found Hymmie Iqow's Jewellery Shoppe.
  2373 | D:9      | Noticed a hippogriff
  2421 | D:9      | Noticed a two-headed ogre
  2451 | D:9      | HP: 4/59 [disintegration (22)]
  2468 | D:9      | HP: 3/88 [orc warrior/short sword (6)]
  2468 | D:9      | Slain by a two-headed ogre

Skill      XL: |  1  2  3  4  5  6  7  8 |
---------------+-------------------------+-----
Fighting       | 1 2 3 |  3.6
Short Blades   | 1 2 3 |  3.6
Long Blades    | 1 2 3 |  3.6
Axes           | 1 2 3 |  3.6
Maces & Flails | 1 2 3 |  3.6
Polearms       | 1 2 3 |  3.6
Staves         | 1 2 3 |  3.6
Slings         | 1 2 3 |  3.6
Bows           | 1 2 3 |  3.6
Crossbows      | 1 2 3 |  3.6
Throwing       | 1 2 3 |  3.6
Armour         | 1 2 3 |  3.6
Shields        | 1 2 3 |  3.6
Unarmed Combat | 1 2 3 |  3.6
Spellcasting   | 5 6 |  6.2
Invocations    | 1 2 3 4 |  4.0
Evocations     | 1 2 3 |  3.6
Conjurations   | 1 2 3 |  3.0
Hexes          | 1 2 3 |  3.0
Charms         | 1 2 3 |  3.0
Summonings     | 1 2 3 |  3.0
Translocations | 1 2 3 |  3.0
Transmutations | 1 2 3 |  3.0
Fire Magic     | 1 2 3 |  3.0
Ice Magic      | 1 2 3 |  3.0
Air Magic      | 1 2 3 |  3.0
Earth Magic    | 1 2 3 |  3.0
Poison Magic   | 1 2 3 |  3.0
Dodging        | 5 |  5.9
Stealth        | 5 |  5.6
Necromancy     | |  7.8

Action                   |  1- 3 |  4- 6 |  7- 9 || total
-------------------------+-------+-------+-------++-------
Melee: Unarmed           |     2 |    19 |     9 ||    30
       Dagger            |     2 |     1 |       ||     3
       Punch             |       |     3 |     1 ||     4
       Flail             |       |   101 |    33 ||   134
       Bite              |       |     5 |    13 ||    18
       Trident           |       |       |    62 ||    62
       Morningstar       |       |       |     7 ||     7
Throw: Tomahawk          |       |       |     2 ||     2
 Cast: Pain              |    20 |     9 |    26 ||    55
       Vampiric Draining |       |    12 |     8 ||    20
       Regeneration      |       |     4 |     5 ||     9
       Borgnjor's Vile C |       |       |     1 ||     1
Invok: Bend Time         |       |     2 |     4 ||     6
Evoke: Wand              |       |     1 |     8 ||     9
  Use: Scroll            |     5 |     7 |     4 ||    16
       Potion            |     3 |     3 |     6 ||    12
 Stab: Sleeping          |     2 |       |     4 ||     6
       Distracted        |       |       |     1 ||     1
  Eat: Ration            |     1 |       |     2 ||     3
Armor: Robe              |     1 |    64 |    35 ||   100
       Skin              |     2 |    10 |    18 ||    30
Dodge: Dodged            |     8 |   158 |   105 ||   271

Table legend:
 A = Turns spent in this place as a percentage of turns spent in the entire game.
 B = Non-inter-level travel turns spent in this place as a percentage of non-inter-level travel turns spent in the entire game.
 C = Inter-level travel turns spent in this place as a percentage of turns spent in this place.
 D = Turns resting spent in this place as a percentage of non-inter-level travel turns spent in this place.
 E = Turns spent auto-exploring this place as a percentage of non-inter-level travel turns spent in this place.
 F = Non-inter-level travel turns spent in this place divided by the number of levels of this place that you've seen.
                   A       B       C       D       E      F
               +-------+-------+-------+-------+-------+----------------------
         Total | 100.0 | 100.0 |   1.4 |   0.0 |   0.0 | 221.3
       Dungeon |  99.1 |  99.5 |   1.0 |   0.0 |   0.0 | 242.1
        Temple |   0.9 |   0.5 |  43.5 |   0.0 |   0.0 |  13.0
               +-------+-------+-------+-------+-------+----------------------

Table legend:
 A = Kills in this place as a percentage of kills in entire the game.
 B = Kills by you in this place as a percentage of kills by you in the entire game.
 C = Kills by friends in this place as a percentage of kills by friends in the entire game.
 D = Other kills in this place as a percentage of other kills in the entire game.
 E = Experience gained in this place as a percentage of experience gained in the entire game.
 F = Experience gained in this place divided by the number of levels of this place that you have seen.
                   A       B       C       D       E      F
               +-------+-------+-------+-------+-------+----------------------
         Total | 100.0 | 100.0 |   N/A |   N/A | 100.0 | 209.5
       Dungeon | 100.0 | 100.0 |   N/A |   N/A | 100.0 | 230.5
               +-------+-------+-------+-------+-------+----------------------

Vault maps used:
D:1:      eino_arrival_druids_welcome
D:2:      kennysheep_generic_room_9
D:3:      chequers_ecumenical_altar_lobes, first_ration, corexii_hall_statues_s,
          uniq_robin
D:4:      serial_shops, nicolae_shop_window_shopping
D:5:      minmay_temple_entry_junction, portal_sewer_entry_f, basic_altar,
          uniq_edmund, uniq_blork_the_orc, uniq_duvessa
D:6:      serial_shops, nicolae_shop_crystal
D:8:      cheibrodos_frozen_isle, lemuel_round_altar, dpeg_lair_monsters,
          grunt_ministairs_3, uniq_pikel
D:9:      serial_shops, shop
D:10:     orc_0_dummy, hangedman_stone_soup, nemelex_altar_shiori
Temple:   nicolae_temple_the_god_donut
